[Event "Deutsche Schachbundesliga 2010/11"]
[Site "Germany"]
[Date "2011.03.20"]
[Round "13"]
[White "Sebastian, Dirk"]
[Black "Straeter, Timo"]
[Result "1-0"]
[ECO "C54"]
[WhiteElo "2439"]
[BlackElo "2325"]
[Annotator "Robot 3"]
[PlyCount "83"]
[EventDate "2011.??.??"]
[WhiteTeam "Hamburg"]
[BlackTeam "Wattenscheid"]
[TimeControl "40/6000+30:20/3000+30:900+30"]

1. e4 e5 2. Nf3 Nc6 3. Bc4 Bc5 4. c3 Nf6 5. d3 d6 6. h3 a6 7. Bb3 Ba7 8. Nbd2
Ne7 9. Nf1 Ng6 10. Ng3 h6 11. O-O O-O 12. Re1 Re8 13. d4 c6 14. Bc2 Be6 15. Be3
Qc7 16. Qd2 Kh7 17. Rad1 Rad8 18. Qc1 b5 19. Nf5 Bxf5 20. exf5 Nf8 21. dxe5
Bxe3 22. Rxe3 dxe5 23. Rxd8 Rxd8 24. Nxe5 c5 25. g3 Kg8 26. Qe1 N8d7 27. Ng4
Nxg4 28. Re8+ Rxe8 29. Qxe8+ Nf8 30. hxg4 Qd6 31. Qe4 Nd7 32. Qa8+ Nf8 33. Kg2
Kh7 34. Qe8 Kg8 35. Be4 f6 36. Qa8 Kh7 37. Bd5 c4 38. b3 b4 39. Bxc4 bxc3 40.
Qe4 Nd7 41. Qe6 Nf8 42. Qe4 1-0

[Event "Deutsche Schachbundesliga 2010/11"]
[Site "Germany"]
[Date "2011.03.20"]
[Round "13"]
[White "Tereick, Benjamin"]
[Black "Berger, Steve"]
[Result "1/2-1/2"]
[ECO "A42"]
[WhiteElo "2365"]
[BlackElo "2423"]
[Annotator "Robot 3"]
[PlyCount "118"]
[EventDate "2011.??.??"]
[WhiteTeam "Wattenscheid"]
[BlackTeam "Hamburg"]
[TimeControl "40/6000+30:20/3000+30:900+30"]

1. c4 g6 2. e4 Bg7 3. d4 d6 4. Nc3 Nc6 5. Be3 e5 6. Nge2 Nh6 7. f3 f5 8. Qd2
Nf7 9. exf5 Bxf5 10. O-O-O O-O 11. d5 Ne7 12. g4 Bd7 13. Ne4 c6 14. N2c3 a6 15.
Kb1 b5 16. dxc6 Bxc6 17. h4 Rc8 18. Nd5 bxc4 19. Bb6 Bxd5 20. Bxd8 Nxd8 21.
Nxd6 Rc6 22. Nxc4 Bxc4 23. Bxc4+ Rxc4 24. Qd6 Re8 25. Qxa6 Rb4 26. h5 e4 27. b3
e3 28. Rhe1 Nec6 29. hxg6 Nd4 30. gxh7+ Kh8 31. Rd3 e2 32. Qd6 N8c6 33. Rxd4
Rxd4 34. Qxc6 Rd1+ 35. Kc2 Rdd8 36. Qb5 Re3 37. Qxe2 Rc8+ 38. Kb1 Rxe2 39. Rxe2
Rc3 40. f4 Rg3 41. g5 Kxh7 42. Kc2 Rc3+ 43. Kd2 Rf3 44. Re4 Kg6 45. Ke2 Rh3 46.
Re3 Rh2+ 47. Kf3 Rxa2 48. Re7 Ra1 49. f5+ Kxg5 50. Rxg7+ Kxf5 51. Re7 Ra5 52.
Re1 Re5 53. Rb1 Ke6 54. b4 Kd6 55. b5 Kc7 56. b6+ Kb7 57. Kf4 Re6 58. Kf5 Rxb6
59. Rxb6+ Kxb6 1/2-1/2

[Event "Deutsche Schachbundesliga 2010/11"]
[Site "Germany"]
[Date "2011.03.20"]
[Round "13"]
[White "Vitiugov, Nikita"]
[Black "Ghaem Maghami, Ehsan"]
[Result "1-0"]
[ECO "E42"]
[WhiteElo "2709"]
[BlackElo "2594"]
[Annotator "Robot 3"]
[PlyCount "189"]
[EventDate "2011.??.??"]
[WhiteTeam "Wattenscheid"]
[BlackTeam "Hamburg"]
[TimeControl "40/6000+30:20/3000+30:900+30"]

1. d4 Nf6 2. c4 e6 3. Nc3 Bb4 4. e3 c5 5. Nge2 cxd4 6. exd4 d5 7. a3 Bxc3+ 8.
Nxc3 dxc4 9. Bxc4 Nc6 10. Be3 O-O 11. O-O b6 12. Qf3 Bb7 13. Bd3 Qd7 14. Qh3
Ne7 15. Bg5 Ng6 16. Bxf6 gxf6 17. Rad1 Rad8 18. Rfe1 Kg7 19. Bc2 Qd6 20. Ne2 f5
21. Bb3 Qe7 22. d5 Bxd5 23. Bxd5 Rxd5 24. Rxd5 exd5 25. Qxf5 Qe5 26. Qxe5+ Nxe5
27. Rc1 Nc4 28. b3 Re8 29. Nd4 Nxa3 30. f3 b5 31. Rc6 a5 32. Ra6 a4 33. bxa4
bxa4 34. Nf5+ Kf8 35. Rxa4 Nc4 36. Kf2 Rd8 37. Kg3 Nd6 38. Nd4 Ne8 39. Kf4 Nd6
40. Ra7 Kg8 41. Nc6 Re8 42. Ne7+ Kg7 43. Nxd5 Nb5 44. Ra4 Rd8 45. Ne3 Nd4 46.
Ke4 Ne6 47. Ke5 h5 48. f4 Nc5 49. Nf5+ Kf8 50. Ra7 Nd7+ 51. Ke4 Nf6+ 52. Kf3
Rd3+ 53. Ke2 Rd5 54. Ne3 Rc5 55. Kd3 Ng4 56. Nc4 Rd5+ 57. Ke4 Nf6+ 58. Kf3 Rd3+
59. Ke2 Rd4 60. Ne5 Rxf4 61. Rxf7+ Ke8 62. Kd3 Rf5 63. g3 Rxe5 64. Rxf6 Ke7 65.
Rf4 Ra5 66. Ke4 Ke6 67. Rf8 h4 68. g4 Ra2 69. h3 Ra4+ 70. Kf3 Ra3+ 71. Kf4 Rxh3
72. Kg5 Ke7 73. Rf1 Rh2 74. Kh5 h3 75. Kh4 Re2 76. Kxh3 Ra2 77. Kh4 Ra8 78. Rf4
Rh8+ 79. Kg5 Ke6 80. Kg6 Ke5 81. Rf5+ Ke4 82. Rf6 Rg8+ 83. Kh5 Ke5 84. g5 Rh8+
85. Kg6 Rh1 86. Kg7 Rg1 87. g6 Ra1 88. Rf8 Ke6 89. Kg8 Ke7 90. Rf4 Rg1 91. g7
Rg2 92. Rh4 Kf6 93. Rh6+ Ke7 94. Kh8 Kf7 95. Rh7 1-0

[Event "Deutsche Schachbundesliga 2010/11"]
[Site "Germany"]
[Date "2011.03.20"]
[Round "13"]
[White "Braun, Arik"]
[Black "Berelowitsch, Alexander"]
[Result "1/2-1/2"]
[ECO "A81"]
[WhiteElo "2538"]
[BlackElo "2574"]
[Annotator "Robot 3"]
[PlyCount "131"]
[EventDate "2011.??.??"]
[WhiteTeam "SC Eppingen"]
[BlackTeam "Mülheim-Nord"]
[TimeControl "40/6000+30:20/3000+30:900+30"]

1. Nf3 f5 2. b3 d6 3. d4 Nf6 4. g3 g6 5. Bg2 Bg7 6. Bb2 O-O 7. O-O Ne4 8. e3
Nc6 9. Nfd2 Nxd2 10. Nxd2 e5 11. Bxc6 bxc6 12. dxe5 dxe5 13. Qe2 a5 14. Rad1
Ba6 15. c4 a4 16. f4 axb3 17. axb3 Qb8 18. Bxe5 Bxe5 19. fxe5 Qb6 20. g4 c5 21.
gxf5 gxf5 22. Kf2 Bb7 23. Qh5 Kh8 24. Qh4 Qe6 25. Qf4 Ra2 26. Rg1 Re8 27. Rg5
Qxe5 28. Rxf5 Qg7 29. Rg5 Qc3 30. Ke2 Be4 31. Kf1 Bg6 32. Ne4 Qg7 33. Kg1 Rf8
34. Qe5 Qxe5 35. Rxe5 Bxe4 36. Rxe4 Rg8+ 37. Kh1 Rgg2 38. Re8+ Kg7 39. Rg1
Rxg1+ 40. Kxg1 Kf6 41. Rc8 Re2 42. Rxc7 Rxe3 43. Rxh7 Kf5 44. Rc7 Rxb3 45.
Rxc5+ Kf4 46. Rc8 Rb7 47. Rf8+ Ke4 48. Rg8 Rc7 49. Rg4+ Kf3 50. Rh4 Rg7+ 51.
Kf1 Rc7 52. Ke1 Ke3 53. Kf1 Kf3 54. Rd4 Ke3 55. Rg4 Kf3 56. Rg3+ Ke4 57. h4 Rh7
58. Rh3 Kd4 59. Kf2 Kxc4 60. Kf3 Kd5 61. Kf4 Ke6 62. Kg5 Kf7 63. Ra3 Rg7+ 64.
Kh6 Rg6+ 65. Kh7 Rg7+ 66. Kh6 1/2-1/2

[Event "Deutsche Schachbundesliga 2010/11"]
[Site "Germany"]
[Date "2011.03.20"]
[Round "13"]
[White "Fridman, Daniel"]
[Black "Berkes, Ferenc"]
[Result "0-1"]
[ECO "D71"]
[WhiteElo "2645"]
[BlackElo "2678"]
[Annotator "Robot 3"]
[PlyCount "90"]
[EventDate "2011.??.??"]
[WhiteTeam "Mülheim-Nord"]
[BlackTeam "SC Eppingen"]
[TimeControl "40/6000+30:20/3000+30:900+30"]

1. d4 Nf6 2. c4 g6 3. g3 c6 4. Bg2 d5 5. cxd5 cxd5 6. Nc3 Bg7 7. Nh3 Bxh3 8.
Bxh3 Nc6 9. Bg2 O-O 10. O-O e6 11. e3 Rc8 12. Bd2 Ne8 13. Qe2 Nd6 14. Rfd1 Re8
15. Be1 Re7 16. Na4 Rec7 17. Nc5 Nb8 18. Rac1 Nd7 19. Nd3 Bf8 20. Ba5 b6 21.
Be1 a5 22. Bf1 Nc4 23. Rc2 Nb8 24. Rdc1 Nc6 25. Nf4 Bb4 26. a3 Bxe1 27. Qxe1
Nxb2 28. Qd2 Nc4 29. Bxc4 dxc4 30. Rb2 c3 31. Rxc3 Nxd4 32. Rxc7 Nf3+ 33. Kg2
Nxd2 34. Rxc8 Qxc8 35. Rxd2 Qc6+ 36. f3 Kg7 37. e4 Qa4 38. Rb2 Qxa3 39. Rxb6 a4
40. Rb7 Qa2+ 41. Kh3 a3 42. Ra7 h5 43. Nd3 Qe2 44. Ne5 g5 45. Rxf7+ Kg8 0-1

[Event "Deutsche Schachbundesliga 2010/11"]
[Site "Germany"]
[Date "2011.03.20"]
[Round "13"]
[White "Golod, Vitali"]
[Black "Acs, Peter"]
[Result "1/2-1/2"]
[ECO "E32"]
[WhiteElo "2591"]
[BlackElo "2601"]
[Annotator "Robot 3"]
[PlyCount "61"]
[EventDate "2011.??.??"]
[WhiteTeam "Mülheim-Nord"]
[BlackTeam "SC Eppingen"]
[TimeControl "40/6000+30:20/3000+30:900+30"]

1. d4 Nf6 2. c4 e6 3. Nc3 Bb4 4. Qc2 O-O 5. a3 Bxc3+ 6. Qxc3 d6 7. f3 d5 8. Bg5
c5 9. Rd1 cxd4 10. Qxd4 Qa5+ 11. Bd2 Qa4 12. e3 Nc6 13. Qc3 Rd8 14. Bd3 Bd7 15.
Ne2 dxc4 16. Bxc4 Rac8 17. e4 Be8 18. Rc1 Nb8 19. Qb3 Qd7 20. Be3 Nc6 21. Bb5
a6 22. Bxc6 Rxc6 23. Kf2 Rxc1 24. Rxc1 Rc8 25. Rxc8 Qxc8 26. Qc3 Qxc3 27. Nxc3
Bc6 28. Ne2 e5 29. Nc1 Nd7 30. Nb3 b6 31. Nd2 1/2-1/2

[Event "Deutsche Schachbundesliga 2010/11"]
[Site "Germany"]
[Date "2011.03.20"]
[Round "13"]
[White "Gyimesi, Zoltan"]
[Black "Landa, Konstantin"]
[Result "1/2-1/2"]
[ECO "D39"]
[WhiteElo "2595"]
[BlackElo "2611"]
[Annotator "Robot 3"]
[PlyCount "53"]
[EventDate "2011.??.??"]
[WhiteTeam "SC Eppingen"]
[BlackTeam "Mülheim-Nord"]
[TimeControl "40/6000+30:20/3000+30:900+30"]

1. d4 Nf6 2. c4 e6 3. Nf3 d5 4. Nc3 dxc4 5. e4 Bb4 6. Bg5 c5 7. Bxc4 cxd4 8.
Nxd4 Bxc3+ 9. bxc3 Qa5 10. Bb5+ Bd7 11. Bxf6 gxf6 12. Bxd7+ Nxd7 13. O-O a6 14.
Rb1 Qc7 15. Qh5 Nc5 16. Rb4 Qe5 17. Qh4 Rd8 18. f4 Qxe4 19. Re1 Qd3 20. Qxf6
Rg8 21. Nf5 Rd7 22. Rd4 Qxc3 23. Red1 exf5 24. Qe5+ Kf8 25. Qb8+ Kg7 26. Qe5+
Kf8 27. Qb8+ 1/2-1/2

[Event "Deutsche Schachbundesliga 2010/11"]
[Site "Germany"]
[Date "2011.03.20"]
[Round "13"]
[White "Hausrath, Daniel"]
[Black "Ruck, Robert"]
[Result "1/2-1/2"]
[ECO "D78"]
[WhiteElo "2537"]
[BlackElo "2555"]
[Annotator "Robot 3"]
[PlyCount "42"]
[EventDate "2011.??.??"]
[WhiteTeam "Mülheim-Nord"]
[BlackTeam "SC Eppingen"]
[TimeControl "40/6000+30:20/3000+30:900+30"]

1. Nf3 d5 2. g3 g6 3. Bg2 Bg7 4. d4 Nf6 5. O-O O-O 6. c4 c6 7. b3 a5 8. Nc3 Ne4
9. Bb2 Nxc3 10. Bxc3 Nd7 11. cxd5 cxd5 12. Ne5 e6 13. Rc1 Qb6 14. Bb2 Rd8 15.
Qd3 a4 16. Rc2 Nxe5 17. dxe5 axb3 18. axb3 Bd7 19. Bd4 Qa6 20. Qe3 Rdc8 21.
Rfc1 Rxc2 1/2-1/2

[Event "Deutsche Schachbundesliga 2010/11"]
[Site "Germany"]
[Date "2011.03.20"]
[Round "13"]
[White "Medvegy, Zoltan"]
[Black "Saltaev, Mihail"]
[Result "1-0"]
[ECO "D30"]
[WhiteElo "2531"]
[BlackElo "2483"]
[Annotator "Robot 3"]
[PlyCount "149"]
[EventDate "2011.??.??"]
[WhiteTeam "SC Eppingen"]
[BlackTeam "Mülheim-Nord"]
[TimeControl "40/6000+30:20/3000+30:900+30"]

1. c4 c6 2. Nf3 d5 3. e3 Nf6 4. d4 e6 5. b3 Nbd7 6. Bb2 Bd6 7. Bd3 Ne4 8. O-O
O-O 9. Qc2 f5 10. Ne5 Qc7 11. f4 Ndf6 12. Ba3 Bxa3 13. Nxa3 Qe7 14. c5 Bd7 15.
Nb1 Kh8 16. Nd2 Rg8 17. Bxe4 dxe4 18. Ndc4 g5 19. fxg5 Rxg5 20. Nd6 Be8 21. Kh1
Bh5 22. Qf2 Rag8 23. Rg1 R5g7 24. b4 Nd5 25. Rab1 Be8 26. a4 a6 27. Rb2 Rf8 28.
g3 Kg8 29. Ndc4 Qg5 30. Rb3 Qh6 31. Nb6 Nf6 32. Qf4 Qh3 33. Rb2 Nh5 34. Qf2 Nf6
35. Qf1 Qh6 36. Qf4 Qh3 37. Qf1 Qh6 38. Qf4 Qh3 39. Rbg2 Nh5 40. Qh4 Qxh4 41.
gxh4 f4 42. Nbc4 fxe3 43. Nxe3 Rf4 44. Rxg7+ Nxg7 45. Rg4 Rxg4 46. N3xg4 Kf8
47. Nf6 e3 48. Nxh7+ Ke7 49. Ng5 Nf5 50. Ngf3 e2 51. Kg1 Nxd4 52. Kf2 Nc2 53.
Kxe2 Bh5 54. a5 Nxb4 55. Ke3 Kf6 56. Ke4 Nd5 57. h3 Nc3+ 58. Kd4 Nb5+ 59. Ke3
Kf5 60. Nc4 Be8 61. Nd6+ Nxd6 62. cxd6 Kf6 63. Kd4 e5+ 64. Nxe5 Ke6 65. h5 Bxh5
66. d7 Ke7 67. Kc5 Be2 68. Kb6 Kd8 69. Kxb7 Bb5 70. Kb6 c5 71. Kxc5 Kc7 72. h4
Ba4 73. h5 Bd1 74. h6 Bc2 75. Kd5 1-0

[Event "Deutsche Schachbundesliga 2010/11"]
[Site "Germany"]
[Date "2011.03.20"]
[Round "13"]
[White "Tiviakov, Sergei"]
[Black "Potkin, Vladimir"]
[Result "1/2-1/2"]
[ECO "B22"]
[WhiteElo "2637"]
[BlackElo "2630"]
[Annotator "Robot 3"]
[PlyCount "149"]
[EventDate "2011.??.??"]
[WhiteTeam "SC Eppingen"]
[BlackTeam "Mülheim-Nord"]
[TimeControl "40/6000+30:20/3000+30:900+30"]

1. e4 c5 2. Nf3 e6 3. c3 Nf6 4. e5 Nd5 5. Bc4 d6 6. d4 cxd4 7. cxd4 Nc6 8. O-O
Be7 9. Qe2 O-O 10. Rd1 Na5 11. b3 b6 12. Bxd5 exd5 13. Nc3 Be6 14. Ba3 Rc8 15.
Nb5 dxe5 16. Bxe7 Qxe7 17. dxe5 Nc6 18. Nfd4 Nxd4 19. Nxd4 Qg5 20. Rd3 Rfe8 21.
Qe3 Qg6 22. Re1 Bf5 23. Nxf5 Qxf5 24. Rxd5 Rc2 25. Rd2 Rc5 26. b4 Rc4 27. Rd4
Rec8 28. h3 h6 29. Rxc4 Rxc4 30. a3 Rc2 31. e6 fxe6 32. Qxe6+ Qxe6 33. Rxe6 Ra2
34. Re3 Ra1+ 35. Kh2 Ra2 36. Rf3 Rd2 37. g4 Rd5 38. Kg3 a5 39. h4 h5 40. gxh5
Rxh5 41. Rd3 Rf5 42. Rd6 Rb5 43. Rd4 Rf5 44. f3 Kh7 45. Kf2 axb4 46. axb4 Kh6
47. Rd6+ Kh5 48. Rxb6 Kxh4 49. Re6 Rb5 50. Re4+ Kg5 51. Ke3 Kf5 52. Kd3 Rb8 53.
Kc4 Rc8+ 54. Kb3 Rb8 55. Kc4 Rc8+ 56. Kd3 Rb8 57. Rd4 g5 58. Kc4 Rc8+ 59. Kb3
Ke5 60. Rc4 Rf8 61. Rc3 Rb8 62. Rc5+ Kd6 63. Rc4 Rf8 64. Rc3 Rb8 65. Ka3 Ra8+
66. Kb2 Rb8 67. Kb3 Kd5 68. Rc5+ Kd6 69. Rxg5 Rf8 70. Rg6+ Kc7 71. Rg3 Rf4 72.
Ka4 Kb6 73. Rg6+ Kb7 74. Rg3 Kb6 75. Kb3 1/2-1/2

[Event "Deutsche Schachbundesliga 2010/11"]
[Site "Germany"]
[Date "2011.03.20"]
[Round "13"]
[White "Tregubov, Pavel V"]
[Black "Postny, Evgeny"]
[Result "0-1"]
[ECO "E15"]
[WhiteElo "2598"]
[BlackElo "2595"]
[Annotator "Robot 3"]
[PlyCount "76"]
[EventDate "2011.??.??"]
[WhiteTeam "Mülheim-Nord"]
[BlackTeam "SC Eppingen"]
[TimeControl "40/6000+30:20/3000+30:900+30"]

1. d4 Nf6 2. c4 e6 3. Nf3 b6 4. g3 Ba6 5. Nbd2 Bb4 6. Qc2 Bb7 7. Bg2 c5 8. dxc5
Bxc5 9. O-O O-O 10. a3 a5 11. b3 d5 12. cxd5 Bxd5 13. e4 Bb7 14. e5 Nd5 15. Ne4
Be7 16. Neg5 g6 17. Qe4 Kg7 18. Qh4 h5 19. Qd4 Nd7 20. Ne4 Nc5 21. Nxc5 bxc5
22. Qd2 Rh8 23. h4 a4 24. bxa4 c4 25. Bb2 Rxa4 26. Rfc1 Qa8 27. Ng5 Rd8 28. Bf1
c3 29. Bxc3 Bxg5 30. hxg5 h4 31. Qe2 hxg3 32. fxg3 Rh8 33. Bg2 Nf4 34. gxf4
Bxg2 35. Bb4 Bd5 36. Qe3 Rh1+ 37. Kf2 Rh2+ 38. Ke1 Bc4 0-1

[Event "Deutsche Schachbundesliga 2010/11"]
[Site "Germany"]
[Date "2011.03.20"]
[Round "13"]
[White "Bobras, Piotr"]
[Black "Gaponenko, Inna"]
[Result "1/2-1/2"]
[ECO "B38"]
[WhiteElo "2535"]
[BlackElo "2469"]
[Annotator "Robot 3"]
[PlyCount "47"]
[EventDate "2011.??.??"]
[WhiteTeam "SG Trier"]
[BlackTeam "Aue"]
[TimeControl "40/6000+30:20/3000+30:900+30"]

1. e4 c5 2. Nf3 Nc6 3. d4 cxd4 4. Nxd4 g6 5. c4 Bg7 6. Be3 Nf6 7. Nc3 O-O 8.
Be2 b6 9. O-O Bb7 10. f3 e6 11. Rc1 d5 12. Nxc6 Bxc6 13. e5 Ne8 14. cxd5 exd5
15. f4 Nc7 16. Bf3 f6 17. e6 f5 18. Bd4 Nxe6 19. Bxg7 Kxg7 20. Nxd5 Rc8 21. Re1
Bxd5 22. Rxc8 Qxc8 23. Qxd5 Qc5+ 24. Qxc5 1/2-1/2

[Event "Deutsche Schachbundesliga 2010/11"]
[Site "Germany"]
[Date "2011.03.20"]
[Round "13"]
[White "Cioara, Andrei-Nestor"]
[Black "Wichmann, Cliff"]
[Result "1-0"]
[ECO "D11"]
[WhiteElo "2426"]
[BlackElo "2341"]
[Annotator "Robot 3"]
[PlyCount "67"]
[EventDate "2011.??.??"]
[WhiteTeam "SG Trier"]
[BlackTeam "Aue"]
[TimeControl "40/6000+30:20/3000+30:900+30"]

1. Nf3 d5 2. g3 Nf6 3. Bg2 c6 4. O-O Bg4 5. d4 Nbd7 6. b3 e6 7. Bb2 Be7 8. Nbd2
O-O 9. c4 a5 10. a3 c5 11. Ne5 Nxe5 12. dxe5 Ne8 13. h3 Bh5 14. g4 Bg6 15. cxd5
exd5 16. e4 dxe4 17. Nxe4 Qb6 18. Qc2 f5 19. exf6 Nxf6 20. Qc3 Ne8 21. Rae1 Bf7
22. g5 Qg6 23. f4 c4 24. bxc4 Rc8 25. Nd2 Rc7 26. Nf3 Rxc4 27. Qxa5 Bc5+ 28.
Kh1 b6 29. Qa7 Bd5 30. f5 Rxf5 31. Rxe8+ Bf8 32. Qe7 Re4 33. Rxf8+ Rxf8 34.
Qxf8+ 1-0

[Event "Deutsche Schachbundesliga 2010/11"]
[Site "Germany"]
[Date "2011.03.20"]
[Round "13"]
[White "Gordon, Stephen J"]
[Black "Spiess, Gunter"]
[Result "1-0"]
[ECO "D43"]
[WhiteElo "2528"]
[BlackElo "2429"]
[Annotator "Robot 3"]
[PlyCount "123"]
[EventDate "2011.??.??"]
[WhiteTeam "SG Trier"]
[BlackTeam "Aue"]
[TimeControl "40/6000+30:20/3000+30:900+30"]

1. d4 d5 2. c4 c6 3. Nf3 Nf6 4. Nc3 e6 5. Bg5 h6 6. Bxf6 Qxf6 7. e3 g6 8. Bd3
Bg7 9. O-O O-O 10. Re1 dxc4 11. Bxc4 Nd7 12. e4 e5 13. d5 Nb6 14. Bb3 Bg4 15.
Re3 Rad8 16. h3 cxd5 17. Nxd5 Nxd5 18. Bxd5 Be6 19. Rd3 Bxd5 20. Rxd5 Rxd5 21.
Qxd5 Qb6 22. b3 Rd8 23. Qc4 Rd6 24. Rc1 Bf6 25. Qc8+ Rd8 26. Qc2 Kg7 27. g3 Bg5
28. Re1 Qe6 29. Kg2 Be7 30. Re2 f6 31. Qc7 Qd7 32. Rc2 b6 33. Qc4 Bc5 34. b4
Be7 35. Rd2 Bd6 36. Nh4 Qf7 37. Qe2 Be7 38. Rxd8 Bxd8 39. Qa6 f5 40. Nf3 Bf6
41. Nd2 Bg5 42. Nf3 Bf6 43. Nd2 Qd7 44. Nc4 fxe4 45. h4 h5 46. Ne3 g5 47. Qe2
Kh6 48. Qc2 Qh7 49. Qc6 Qg6 50. Qd7 Qh7 51. Qe6 Qg6 52. Nf5+ Kh7 53. hxg5 Qxg5
54. Qf7+ Bg7 55. Nxg7 Qxg7 56. Qxh5+ Kg8 57. Qe8+ Kh7 58. Qa8 Qg4 59. Qxa7+ Kg8
60. Qb8+ Kf7 61. Qxe5 Qf3+ 62. Kg1 1-0

[Event "Deutsche Schachbundesliga 2010/11"]
[Site "Germany"]
[Date "2011.03.20"]
[Round "13"]
[White "Howell, David W L"]
[Black "Slobodjan, Roman"]
[Result "1-0"]
[ECO "C55"]
[WhiteElo "2616"]
[BlackElo "2556"]
[Annotator "Robot 3"]
[PlyCount "69"]
[EventDate "2011.??.??"]
[WhiteTeam "SG Trier"]
[BlackTeam "Aue"]
[TimeControl "40/6000+30:20/3000+30:900+30"]

1. e4 e5 2. Nf3 Nc6 3. Bc4 Be7 4. O-O Nf6 5. d3 O-O 6. Re1 d6 7. a4 Kh8 8. a5
Rb8 9. h3 Be6 10. Nc3 b6 11. a6 Qc8 12. Nd5 Bd8 13. c3 Ne7 14. d4 Ng6 15. Ng5
c6 16. Nxf6 Bxf6 17. Nxe6 fxe6 18. Be3 Qd7 19. Qg4 Rbe8 20. Rad1 Qc8 21. b4 b5
22. Bb3 Re7 23. g3 Rfe8 24. Ra1 d5 25. Kg2 Qc7 26. Rac1 Qc8 27. h4 Qxa6 28. h5
Nf8 29. dxe5 Bxe5 30. Bc5 Rf7 31. exd5 Qa3 32. dxe6 Rb7 33. e7 Nd7 34. Bf7 Nxc5
35. Bxe8 1-0

[Event "Deutsche Schachbundesliga 2010/11"]
[Site "Germany"]
[Date "2011.03.20"]
[Round "13"]
[White "Meijers, Viesturs"]
[Black "Lupulescu, Constantin"]
[Result "0-1"]
[ECO "B93"]
[WhiteElo "2502"]
[BlackElo "2617"]
[Annotator "Robot 3"]
[PlyCount "98"]
[EventDate "2011.??.??"]
[WhiteTeam "Aue"]
[BlackTeam "SG Trier"]
[TimeControl "40/6000+30:20/3000+30:900+30"]

1. e4 c5 2. Nf3 d6 3. d4 cxd4 4. Nxd4 Nf6 5. Nc3 a6 6. Be2 Nbd7 7. f4 g6 8. Nf3
Qc7 9. Qd4 e5 10. Qc4 Nc5 11. fxe5 dxe5 12. Bg5 Be6 13. Nd5 Bxd5 14. exd5 Nfe4
15. a4 Nd6 16. Qc3 Bg7 17. Be3 Rc8 18. Nd2 a5 19. Nc4 Nxc4 20. Qxc4 O-O 21. Bg4
f5 22. d6+ Qf7 23. Qxf7+ Rxf7 24. Be2 Ne4 25. O-O-O Rd7 26. Bf3 Nf6 27. Bb6 e4
28. Be2 Bh6+ 29. Kb1 Rc6 30. Bc7 Rdxc7 31. dxc7 Rxc7 32. g3 Be3 33. Rhf1 Kg7
34. c3 Kf7 35. Kc2 Ke6 36. b3 g5 37. Bc4+ Ke5 38. Rd8 f4 39. Rfd1 Bc5 40. R8d5+
Nxd5 41. Rxd5+ Kf6 42. g4 f3 43. Rf5+ Kg6 44. Re5 e3 45. Bd5 f2 46. Bc4 Bd4 47.
Bd3+ Kh6 48. Re6+ Kg7 49. c4 Rd7 0-1

[Event "Deutsche Schachbundesliga 2010/11"]
[Site "Germany"]
[Date "2011.03.20"]
[Round "13"]
[White "Melamed, Tetyana"]
[Black "Gonda, Laszlo"]
[Result "0-1"]
[ECO "C92"]
[WhiteElo "2353"]
[BlackElo "2550"]
[Annotator "Robot 3"]
[PlyCount "112"]
[EventDate "2011.??.??"]
[WhiteTeam "Aue"]
[BlackTeam "SG Trier"]
[TimeControl "40/6000+30:20/3000+30:900+30"]

1. e4 e5 2. Nf3 Nc6 3. Bb5 a6 4. Ba4 Nf6 5. O-O Be7 6. Re1 b5 7. Bb3 d6 8. c3
O-O 9. h3 Nd7 10. d4 Nb6 11. Nbd2 Bf6 12. Nf1 Re8 13. Ng3 g6 14. Bh6 Na5 15.
Bc2 c5 16. d5 Bg7 17. Be3 Bd7 18. Nh2 Nb7 19. Ng4 Qe7 20. Rf1 Kh8 21. b3 Rf8
22. Nh6 a5 23. Qd2 a4 24. Bd3 Na5 25. Rab1 axb3 26. axb3 Ra6 27. Be2 Rfa8 28.
Bg4 Nb7 29. Bxd7 Qxd7 30. Qe2 Nd8 31. Qf3 Qe7 32. Qg4 f6 33. h4 Qf8 34. h5 Bxh6
35. hxg6 Bxe3 36. fxe3 Qg7 37. Qh4 Nd7 38. Nh5 Qxg6 39. Nxf6 Ra2 40. g3 Nxf6
41. Rxf6 Qg7 42. Rbf1 Ra1 43. Rxd6 Nf7 44. Rxa1 Rxa1+ 45. Kg2 Ra2+ 46. Kh1 Ra8
47. Rc6 Ng5 48. Qg4 Qf7 49. Rc8+ Rxc8 50. Qxc8+ Kg7 51. Kg1 Qf3 52. Qc7+ Kg6
53. Qd6+ Kh5 54. Qxe5 Qxe3+ 55. Kh2 Qe2+ 56. Kg1 Qxe4 0-1

[Event "Deutsche Schachbundesliga 2010/11"]
[Site "Germany"]
[Date "2011.03.20"]
[Round "13"]
[White "Petr, Martin"]
[Black "Erdos, Viktor"]
[Result "1/2-1/2"]
[ECO "C45"]
[WhiteElo "2468"]
[BlackElo "2576"]
[Annotator "Robot 3"]
[PlyCount "55"]
[EventDate "2011.??.??"]
[WhiteTeam "Aue"]
[BlackTeam "SG Trier"]
[TimeControl "40/6000+30:20/3000+30:900+30"]

1. e4 e5 2. Nf3 Nc6 3. d4 exd4 4. Nxd4 Bc5 5. Nxc6 bxc6 6. Nc3 Qh4 7. Qf3 Nf6
8. g3 Qg4 9. Bg2 O-O 10. O-O Qxf3 11. Bxf3 Bd4 12. Rd1 Bxc3 13. bxc3 Re8 14.
Re1 d5 15. e5 Bf5 16. Bf4 Be4 17. exf6 Bxf3 18. fxg7 Kxg7 19. Bxc7 f6 20. Bf4
a5 21. Rab1 Rxe1+ 22. Rxe1 Kf7 23. Rb1 Re8 24. Be3 Re4 25. Kf1 Rc4 26. Bd2 Re4
27. Be3 Rc4 28. Bd2 1/2-1/2

[Event "Deutsche Schachbundesliga 2010/11"]
[Site "Germany"]
[Date "2011.03.20"]
[Round "13"]
[White "Prohaszka, Peter"]
[Black "Haslinger, Stewart G"]
[Result "1/2-1/2"]
[ECO "E04"]
[WhiteElo "2529"]
[BlackElo "2543"]
[Annotator "Robot 3"]
[PlyCount "45"]
[EventDate "2011.??.??"]
[WhiteTeam "Aue"]
[BlackTeam "SG Trier"]
[TimeControl "40/6000+30:20/3000+30:900+30"]

1. d4 d5 2. Nf3 Nf6 3. c4 e6 4. g3 dxc4 5. Bg2 Nc6 6. Qa4 Bb4+ 7. Bd2 Bd6 8.
O-O O-O 9. Bc3 Qe7 10. Ne5 Bxe5 11. dxe5 Nd5 12. Qxc4 Rd8 13. Nd2 Nxc3 14. Qxc3
Nxe5 15. Qxe5 Rxd2 16. Rac1 Qd6 17. Qxd6 cxd6 18. Rfd1 Rxd1+ 19. Rxd1 d5 20. e4
Kf8 21. exd5 exd5 22. Bxd5 Bf5 23. Re1 1/2-1/2

[Event "Deutsche Schachbundesliga 2010/11"]
[Site "Germany"]
[Date "2011.03.20"]
[Round "13"]
[White "Grandelius, Nils"]
[Black "Berndt, Stephan"]
[Result "1/2-1/2"]
[ECO "A27"]
[WhiteElo "2500"]
[BlackElo "2442"]
[Annotator "Robot 3"]
[PlyCount "109"]
[EventDate "2011.??.??"]
[WhiteTeam "Emsdetten"]
[BlackTeam "SF Berlin"]
[TimeControl "40/6000+30:20/3000+30:900+30"]

1. c4 e5 2. Nc3 Nc6 3. Nf3 g6 4. d4 exd4 5. Nxd4 Bg7 6. Nxc6 bxc6 7. g3 Ne7 8.
Bg2 O-O 9. O-O d6 10. Qc2 Be6 11. b3 Rb8 12. Bb2 c5 13. Rad1 Qc8 14. Ne4 Bf5
15. Bxg7 Kxg7 16. Qb2+ f6 17. Nc3 Bh3 18. Rd3 Bxg2 19. Kxg2 Qb7+ 20. Kg1 Rbe8
21. Re3 Nc6 22. Rxe8 Rxe8 23. Nd5 Ne5 24. Rd1 Rf8 25. Qc3 Rf7 26. Rd2 Qc8 27.
Kg2 Qb7 28. Qe3 Qc8 29. Qe4 Qd7 30. h3 Rf8 31. Nf4 Rf7 32. Nd5 Rf8 33. Qf4 Qf7
34. Qe3 Qd7 35. Qc3 Rf7 36. g4 Qd8 37. Qg3 Kg8 38. f4 Nd7 39. Rd3 Nb6 40. Nc3
f5 41. g5 Qa8+ 42. Qf3 Qxf3+ 43. Kxf3 h6 44. Re3 hxg5 45. Re8+ Rf8 46. Rxf8+
Kxf8 47. fxg5 c6 48. h4 Ke7 49. Kf4 Ke6 50. e4 fxe4 51. Nxe4 Nd7 52. Ng3 Ne5
53. Ne4 Nd7 54. Ng3 Ne5 55. Ne4 1/2-1/2

[Event "Deutsche Schachbundesliga 2010/11"]
[Site "Germany"]
[Date "2011.03.20"]
[Round "13"]
[White "Janssen, Ruud"]
[Black "Lauber, Arnd"]
[Result "1-0"]
[ECO "D39"]
[WhiteElo "2498"]
[BlackElo "2497"]
[Annotator "Robot 3"]
[PlyCount "47"]
[EventDate "2011.??.??"]
[WhiteTeam "Emsdetten"]
[BlackTeam "SF Berlin"]
[TimeControl "40/6000+30:20/3000+30:900+30"]

1. Nf3 d5 2. c4 e6 3. d4 Nf6 4. Nc3 dxc4 5. e4 Bb4 6. Bg5 c5 7. Bxc4 cxd4 8.
Nxd4 Bxc3+ 9. bxc3 Qa5 10. Bxf6 Qxc3+ 11. Kf1 gxf6 12. Rc1 Qa5 13. h4 Ke7 14.
Rh3 Rd8 15. Nf5+ exf5 16. Qh5 Rf8 17. exf5 Bxf5 18. Re3+ Kd8 19. Bd3 Nc6 20.
Bxf5 Kc7 21. Re7+ Kb8 22. Qh6 Rd8 23. Qf4+ Ne5 24. Be4 1-0